 Dungeon Crawl Stone Soup version 0.18-a0-1639-g7533f42 (webtiles) character file.

10139 namelastname112 the Martial Artist (level 11, -1/93 HPs)
             Began as a Pale Draconian Monk on Mar 27, 2016.
             Was a Priest of Ru.
             Killed from afar by Erolcha (10 damage)
             ... with a magic dart
             ... while paralysed by Erolcha
             ... on level 12 of the Dungeon.
             The game lasted 00:24:40 (11989 turns).

namelastname112 the Martial Artist (DrMo)          Turns: 11989, Time: 00:24:41

Health: -1/93      AC: 12    Str: 19    XL:     11   Next: 32%
Magic:  16/16      EV:  2    Int:  9    God:    Ru [***...]
Gold:   845        SH:  0    Dex: 18    Spells: 1 memorised, 12 levels left

rFire  . . .     SeeInvis .       - Unarmed
rCold  . . .     Gourm    .     (armour unavailable)
rNeg   . . .     Faith    .     q - +0 buckler
rPois  +         Spirit   .     (helmet restricted)
rElec  .         Dismiss  .     y - +1 cloak {rPois}
rCorr  .         Reflect  .     (no gloves)
SustAt .         Harm     .     w - +2 pair of boots
MR     .....                    (no amulet)
Stlth  ++........               t - +4 ring of slaying
                                B - +5 ring of strength

@: paralysed, not resistant to hostile enchantments, unstealthy
A: breathe steam, unfitting armour, agile 1, dopey 1, mutation resistance 1,
cold-blooded, inability to use devices, AC +7
a: Breathe Steam, Draw Out Power, Renounce Religion


You were on level 12 of the Dungeon.
You worshipped Ru.
Ru was most pleased with you.
You were very hungry.

You visited 2 branches of the dungeon, and saw 13 of its levels.

You collected 845 gold pieces.

Inventory:

Missiles
 k - 10 curare-tipped needles
Armour
 q - a +0 buckler (worn)
 w - a +2 pair of boots (worn)
 y - a +1 cloak of poison resistance (worn)
Jewellery
 j - an uncursed ring of positive energy
 n - an uncursed ring of fire
 t - a +4 ring of slaying (right hand)
 B - a +5 ring of strength (left hand)
Scrolls
 f - 4 scrolls of enchant weapon
 g - 2 scrolls of fear
 i - 4 scrolls of immolation
 D - a scroll of teleportation
 E - a scroll of blinking
 L - a scroll of remove curse
Potions
 b - 8 potions of curing {unknown}
 d - 3 potions of heal wounds {unknown}
 e - 2 potions of mutation {unknown}
 h - 3 potions of cure mutation {unknown}
 l - 2 potions of cancellation {unknown}
 m - a potion of resistance {unknown}
 o - 2 potions of agility
 s - a potion of brilliance
 G - a potion of might
 H - a potion of ambrosia
 I - a potion of flight
 J - a potion of invisibility
Books
 u - a Grand Grimoire

   Spells                             Type                      Level
   a - Monstrous Menagerie            Summoning                    7
   b - Summon Greater Demon           Summoning                    7
   c - Malign Gateway                 Summoning/Translocation      7
   d - Summon Horrible Things         Summoning                    8
 x - a book of Changes

   Spells                             Type                      Level
   a - Beastly Appendage              Transmutation                1
   b - Sticks to Snakes               Transmutation                2
   c - Spider Form                    Transmutation/Poison         3
   d - Ice Form                       Ice/Transmutation            4
   e - Blade Hands                    Transmutation                5
Comestibles
 a - 13 bread rations
 c - 31 fruits
 p - a meat ration
 F - a slice of pizza


   Skills:
 + Level 7.6 Fighting
 + Level 7.5 Dodging
 - Level 1.7 Stealth
 - Level 4.4 Shields
 + Level 13.5 Unarmed Combat
 + Level 3.9 Spellcasting
 * Level 1.5 Transmutations


You had 12 spell levels left.
You knew the following spells:

 Your Spells              Type           Power        Failure   Level  Hunger
a - Blade Hands           Trmt           #.........   100%        5    ######.


Dungeon Overview and Level Annotations

Branches:
Dungeon (12/15)            Temple (1/1) D:4            Lair (0/8) D:11
    Orc: D:9-12

Altars:
Ashenzari
Cheibriados
Dithmenos
Elyvilon
Fedhas
Gozag
Makhleb
Nemelex Xobeh
Okawaru
Pakellas
Qazlal
Ru
Sif Muna
Trog
Xom
The Shining One

Shops:
D:4 [   D:8 (   D:9 :?:*

Annotations:
D:9 1 runed door
D:12 Erolcha


Innate Abilities, Weirdness & Mutations

You can breathe blasts of scalding, opaque steam.
Your pale cyan-grey scales are hard (AC +7).
Your body does not fit into most forms of armour.
You are dopey. (Int -2)
You are cold-blooded and may be slowed by cold attacks.
You cannot study or use magical devices.
You are agile. (Dex +2)
You are somewhat resistant to further mutation.


Message History

You focus your will and illuminate Erolcha in retribution!
Erolcha hits you with a giant spiked club!
The wasp stings you but does no damage.
Erolcha hits you with a giant spiked club!!
You focus your will and blind Erolcha in retribution!
The wasp stings you but does no damage.
Erolcha points at you and mumbles some strange words.
You resist with some effort. The wasp stings you.
Erolcha begins to cast a spell, but is stunned by your will!
The wasp stings you but does no damage.
The wasp is no longer blind.
Erolcha hits you with a giant spiked club!!
* * * LOW HITPOINT WARNING * * *
You focus your will and blind Erolcha in retribution!
The wasp stings you but does no damage. The wasp stings you.
* * * LOW HITPOINT WARNING * * *
Erolcha casts a spell at you. The magic dart hits you!
You die...

#+#### ###.....#
###O'...[.#
####+#####.@y#.....#
#.....#.#..### ....+
## #.#.'.## ...# #.
#...### ..#
#.#####.# .#
#.#...#.# #
#.#.#.#.# #...#...#
##'######


You could see Erolcha (blind) and a wasp.

Vanquished Creatures
  A centaur warrior (D:11)
  3 hill giants
  An ugly thing (D:11)
  A centaur zombie (D:10)
  A troll (D:9)
  A queen bee (shapeshifter) (D:11)
  A blink frog (D:11)
  Sigmund (D:3)
  A hungry ghost (D:10)
  2 wyverns
  3 hippogriffs
  A water moccasin (D:8)
  A porcupine (D:11)
  3 orc warriors
  5 sky beasts
  An eye of draining (D:12)
  3 ice beasts
  2 necrophages
  2 black bears
  The ghost of Zhokez the Chopper, an amateur DDGl (D:4)
  A wasp (D:7)
  4 ogres
  2 phantoms
  2 centaurs (D:8)
  4 big kobolds
  5 giant frogs
  2 gnoll sergeants (D:8)
  A wyvern zombie (D:12)
  4 scorpions
  A water moccasin skeleton (D:6)
  5 electric eels (D:10)
  A howler monkey (D:8)
  A crimson imp (D:11)
  A quasit (D:9)
  7 orc priests
  14 hounds
  4 jellies
  Crazy Yiuf (D:3)
  2 giant frog zombies
  A centaur skeleton (D:11)
  18 orc wizards
  2 giant frog skeletons
  2 iguanas
  Terence (D:3)
  7 worker ants
  2 hound zombies
  2 hound skeletons
  A worker ant zombie (D:9)
  14 gnolls
  14 adders
  3 oozes
  3 adder skeletons
  3 worms
  A dart slug (D:2)
  9 giant geckos
  48 orcs
  8 bats
  8 giant cockroaches
  13 goblins
  7 hobgoblins
  8 jackals
  5 quokkas
  A ball python (D:2)
  A giant cockroach zombie (D:5)
  A giant gecko skeleton (D:8)
  3 giant newts
  21 kobolds
  A quokka skeleton (D:4)
  6 rats
311 creatures vanquished.

Vanquished Creatures (others)
  A hell rat (D:11)
  2 jackals (D:10)
  A plant (D:8)
4 creatures vanquished.

Grand Total: 315 creatures vanquished

Notes
Turn   | Place    | Note
--------------------------------------------------------------
     0 | D:1      | namelastname112 the Draconian Monk began the quest for the Orb.
     0 | D:1      | Reached XP level 1. HP: 19/19 MP: 1/1
    46 | D:1      | Found a sparkling altar of Nemelex Xobeh.
   128 | D:1      | Reached XP level 2. HP: 13/26 MP: 2/2
   716 | D:2      | Found a faded altar to an unknown god.
   725 | D:2      | Reached skill level 5 in Unarmed Combat
   725 | D:2      | Reached XP level 3. HP: 26/31 MP: 3/3
  1361 | D:2      | Found a blossoming altar of Fedhas.
  1908 | D:3      | Noticed Terence
  1912 | D:3      | Reached XP level 4. HP: 36/38 MP: 4/4
  1923 | D:3      | Killed Terence
  1923 | D:3      | Reached skill level 6 in Unarmed Combat
  1946 | D:3      | Noticed Sigmund
  2094 | D:3      | Killed Sigmund
  2094 | D:3      | Reached skill level 7 in Unarmed Combat
  2094 | D:3      | Reached XP level 5. HP: 21/45 MP: 5/5
  2094 | D:3      | Reached XP level 6. HP: 23/51 MP: 6/6
  3034 | D:3      | Noticed Crazy Yiuf
  3044 | D:3      | Killed Crazy Yiuf
  3044 | D:3      | Reached skill level 8 in Unarmed Combat
  3602 | D:4      | Your scales start taking on a pale cyan-grey colour.
  3602 | D:4      | Reached XP level 7. HP: 39/57 MP: 7/7
  4130 | D:4      | Found Geutosel's Armour Shoppe.
  4132 | D:4      | Noticed Zhokez's ghost (amateur DDGl)
  4150 | D:4      | Killed Zhokez's ghost
  4150 | D:4      | Reached skill level 9 in Unarmed Combat
  5114 | D:5      | Entered Level 5 of the Dungeon
  5395 | D:5      | Reached skill level 10 in Unarmed Combat
  5475 | D:5      | Reached XP level 8. HP: 53/63 MP: 8/8
  5484 | D:5      | Found an iron altar of Okawaru.
  5810 | D:4      | Found a staircase to the Ecumenical Temple.
  5816 | Temple   | Entered the Ecumenical Temple
  5862 | Temple   | Became a worshipper of Ru the Awakened
  5866 | Temple   | Gained mutation: You cannot study or use magical devices. [Ru sacrifice]
  5866 | Temple   | Reached * piety under Ru
  5866 | Temple   | Reached ** piety under Ru
  5866 | Temple   | Reached *** piety under Ru
  6340 | D:6      | Reached skill level 11 in Unarmed Combat
  6481 | D:6      | Found a burning altar of Makhleb.
  6685 | D:6      | Reached skill level 1 in Shields
  6689 | D:6      | Gained mutation: Your body sometimes deteriorates upon taking damage. [mutagenic meat]
  6690 | D:6      | Lost mutation: Your body sometimes deteriorates upon taking damage. [mutagenic meat]
  6691 | D:6      | Gained mutation: You are somewhat resistant to further mutation. [mutagenic meat]
  6692 | D:6      | Gained mutation: You are agile. (Dex +2) [mutagenic meat]
  6837 | D:7      | Reached XP level 9. HP: 65/71 MP: 9/9
  7026 | D:7      | Reached skill level 12 in Unarmed Combat
  7644 | D:8      | Found Hoebb's Weapon Shoppe.
  7785 | D:8      | Found a sparkling altar of Nemelex Xobeh.
  7789 | D:8      | Found a white marble altar of Elyvilon.
  7790 | D:8      | Found a stormy altar of Qazlal.
  7791 | D:8      | Found a shimmering altar of Xom.
  7791 | D:8      | Found a bloodstained altar of Trog.
  7791 | D:8      | Found a shadowy altar of Dithmenos.
  7792 | D:8      | Found a shattered altar of Ashenzari.
  8408 | D:8      | Reached skill level 5 in Dodging
  8510 | D:8      | Reached skill level 5 in Fighting
  8726 | D:8      | Reached XP level 10. HP: 79/81 MP: 10/10
  9202 | D:9      | Found Xoucaugoha's Assorted Antiques.
  9643 | D:9      | Found Ocell's Book Shoppe.
  9757 | D:9      | Found Pefoh's Magic Scroll Boutique.
  9791 | D:9      | Found Xuicotio's Book Boutique.
  9841 | D:9      | Found a runed door.
 10054 | D:9      | Found a deep blue altar of Sif Muna.
 10208 | D:10     | Entered Level 10 of the Dungeon
 10226 | D:10     | Reached skill level 13 in Unarmed Combat
 10421 | D:10     | Noticed a hill giant
 10422 | D:10     | Noticed a hill giant
 10441 | D:10     | Killed a hill giant
 10441 | D:10     | Reached skill level 1 in Spellcasting
 10446 | D:10     | Killed a hill giant
 10533 | D:10     | Gained mutation: You are dopey. (Int -2) [Ru sacrifice]
 10921 | D:11     | Noticed a hill giant
 10922 | D:11     | Noticed a centaur warrior
 10944 | D:11     | Killed a hill giant
 10944 | D:11     | Reached XP level 11. HP: 48/92 MP: 13/15
 10960 | D:11     | Killed a centaur warrior
 11331 | D:11     | Noticed a cyan ugly thing
 11344 | D:11     | Killed a cyan ugly thing
 11458 | D:11     | Learned a level 5 spell: Blade Hands
 11518 | D:11     | Found a staircase to the Lair.
 11736 | D:11     | Reached skill level 1 in Transmutations
 11977 | D:12     | Noticed Erolcha
 11983 | D:12     | Paralysed by Erolcha for 7 turns
 11989 | D:12     | Killed from afar by Erolcha

Vault maps used:
D:1:      shiori_shiawase, nemelex_diamond_rough_becter
D:2:      marbit_many_paths, ecumenical_altar_2
D:3:      uniq_terence, uniq_sigmund, uniq_crazy_yiuf_cottage
D:4:      minmay_temple_entry_from_below_a, serial_shops, shop
D:5:      kennysheep_okawaru_gauntlet, first_bread
D:6:      makhleb_heckhound_becter
D:8:      kennysheep_housing_project, grunt_temple_overflow_open, serial_shops,
          nicolae_shop_temple_entry_statues_fountains
D:9:      serial_shops, nicolae_shop_crystal, kennysheep_mini,
          nicolae_shop_stone, nicolae_shop_behind_doors, blue_anna_alchemist,
          minmay_st_funbox, lemuel_blue_sif_altar
D:11:     dpeg_lair_monsters
D:12:     orc_0_dummy, serial_shops, shop_statue, uniq_erolcha
Temple:   roderic_octagonal_lattice_temple

Skill      XL: |  1  2  3  4  5  6  7  8  9 10 11 |
---------------+----------------------------------+-----
Unarmed Combat | 5 7 8 10 11 12 13 | 13.5
Shields        | 1 3 4 |  4.4
Dodging        | 3 5 7 |  7.5
Fighting       | 5 7 |  7.6
Spellcasting   | 2 3 |  3.9
Transmutations | 1 |  1.5
Stealth        | |  1.7

Action                   |  1- 3 |  4- 6 |  7- 9 | 10-12 || total
-------------------------+-------+-------+-------+-------++-------
Melee: Unarmed           |   135 |   135 |   383 |   255 ||   908
Invok: Sacrifice Artific |       |       |     1 |       ||     1
       Reject Sacrifices |       |       |     1 |       ||     1
       Sacrifice Purity  |       |       |       |     1 ||     1
 Abil: Breathe Steam     |       |       |     8 |     8 ||    16
  Use: Scroll            |       |       |     4 |    15 ||    19
       Potion            |       |       |       |     1 ||     1
 Stab: Sleeping          |     7 |     1 |     5 |     4 ||    17
       Distracted        |       |       |     3 |     3 ||     6
       Invisible         |       |       |     1 |       ||     1
  Eat: Chunk             |     3 |     5 |    22 |    11 ||    41
       Beef jerky        |       |       |       |     1 ||     1
